AoeStats
← viwa

Arena

508482234Analyzed
1v1 RM · 10d ago on Sep 22, 2026· 48m 33s· 2 players
Game mode
Random Map
Map size
Tiny (2 player)
Population
200
Speed
Normal
Resources
Standard
Victory
Conquest
Starting age
Dark Age
Ending age
Imperial Age
RankedLock teamsTeams togetherTeam positionsShared explorationLock speedFull tech treeHidden civsTurbo modeCheats
Victory
Defeat
🇹🇷 Ethiopians · Türkiye
1024
+16
🇸🇪 Poles · Sweden
1032
-16
tycoska
10:23 Feudal Age
14:40 Castle Age
14:05 Double-Bit Axe
14:34 Horse Collar
17:43 Wheelbarrow
23:21 Gold Mining
23:23 Stone Mining
26:57 Hand Cart
26:27 Loom
26:28 Town Watch
30:06 Imperial Age
28:01 Fletching
28:12 Padded Archer Armor
28:22 Forging
29:26 Squires
29:27 Bodkin Arrow
29:48 Leather Archer Armor
30:11 Bow Saw
31:24 Gold Shaft Mining
31:54 Two-Man Saw
30:59 Heavy Plow
30:48 Halberdier
32:07 Iron Casting
31:33 Scale Mail Armor
31:57 Ballistics
32:16 Royal Heirs
32:58 Conscription
33:43 Chemistry
33:51 Stone Shaft Mining
33:31 Husbandry
34:48 Masonry
35:15 Town Patrol
36:16 Architecture
36:27 Bracer
36:16 Crossbowman
36:30 Cavalier
36:42 Heavy Camel Rider
37:25 Arbalester
38:11 Thumb Ring
38:29 Scale Barding Armor
39:34 Chain Barding Armor
42:14 Torsion Engines
43:50 Blast Furnace
43:22 Ring Archer Armor
viwa
5:34 Loom
11:39 Feudal Age
12:38 Horse Collar
15:57 Castle Age
16:46 Double-Bit Axe
18:32 Heavy Plow
21:41 Wheelbarrow
20:52 Town Watch
21:42 Szlachta Privileges
21:58 Forging
24:19 Hand Cart
24:24 Bloodlines
25:29 Husbandry
26:56 Scale Barding Armor
27:26 Iron Casting
28:10 Chain Barding Armor
29:33 Devotion
29:45 Devotion
29:52 Devotion
29:59 Devotion
30:10 Devotion
30:16 Devotion
32:32 Stone Mining
32:34 Gold Mining
32:56 Bow Saw
35:28 Imperial Age
33:29 Town Patrol
33:25 Fletching
37:14 Blast Furnace
36:09 Bodkin Arrow
35:56 Capped Ram
36:17 Cavalier
38:28 Conscription
39:34 Bracer
44:11 Chemistry
43:23 Masonry
43:49 Siege Ram
46:02 Light Cavalry
46:42 Winged Hussar
Connection lost

Rejoining the realm…

Still unreachable

The connection could not be restored.

Session expired

The server has moved on; the page needs a fresh start.